 Dungeon Crawl Stone Soup version 0.21.0-3-g78d12a8 (webtiles) character file.

56 Faca the Shooter (level 3, 0/30 HPs)
             Began as a Centaur Hunter on Jan 12, 2018.
             Succumbed to an adder's poison
             ... on level 2 of the Dungeon.
             The game lasted 00:03:29 (1309 turns).

Faca the Shooter (Centaur Hunter)                   Turns: 1309, Time: 00:03:29

Health: 0/30       AC:  7    Str: 14    XL:     3   Next: 69%
Magic:  3/3        EV:  9    Int: 10    God:
Gold:   76         SH:  3    Dex: 10    Spells: 2/2 levels left

rFire    . . .     SeeInvis .   k - +0 spear
rCold    . . .     Gourm    .   (no shield)
rNeg     . . .     Faith    .   c - +1 leather armour
rPois    .         Spirit   .   (no helmet)
rElec    .         Reflect  +   j - +0 cloak
rCorr    .         Harm     .   (no gloves)
MR       +....     Rnd*Rage +   (no barding)
Stlth    +.........             i - +3 amulet of reflection
HPRegen  0.10/turn              (no ring)
MPRegen  0.08/turn              (no ring)

@: lethally poisoned (0 -> -3), very quick
A: large, hooves 3, berserk 1, deformed body, speed 2, magic resistance 1,
shaggy fur 1, tough skin 3
a: no special abilities


You were on level 2 of the Dungeon.
You were not hungry.

You visited 1 branch of the dungeon, and saw 2 of its levels.

You collected 76 gold pieces.

Inventory:

Hand Weapons
 a - a +1 shortbow
 k - a +0 spear (weapon)
Missiles
 d - 19 arrows
Armour
 c - a +1 leather armour (worn)
 j - a +0 cloak (worn)
Jewellery
 i - a +3 amulet of reflection (around neck)
Scrolls
 e - a scroll of enchant armour
 g - a scroll of immolation
 h - a scroll of identify
Comestibles
 f - 5 rations


   Skills:
 + Level 2.8 Fighting
 + Level 0.7 Polearms
 + Level 5.9 Bows
 + Level 1.1 Armour
 - Level 1.3 Dodging
 - Level 0.4 Stealth


You had 2 spell levels left.
You didn't know any spells.

Dungeon Overview and Level Annotations

Branches:
Dungeon (2/15)

Altars:


Innate Abilities, Weirdness & Mutations

You have hooves in place of feet.
Armour fits poorly on your strangely shaped body.
You cover ground very quickly.
You have extremely tough skin. (AC +3)
You tend to lose your temper in combat.
You are resistant to hostile enchantments. (MR+)
You are covered in fur. (AC +1)


Message History

* * * LOW HITPOINT WARNING * * *
You feel sick. The adder barely misses you.
You barely miss the adder. Your kick misses the adder.
The adder is almost dead.
The adder bites you but does no damage. The adder closely misses you.
It was a potion of mutation.
You feel extremely strange. Fur sprouts all over your body.
You feel a little pissed off.
You feel resistant to hostile enchantments.
* * * LOW HITPOINT WARNING * * *
You feel sick. You block the adder's attack.
You hit the adder.
You kill the adder!
There is a lethal amount of poison in your body!
* * * LOW HITPOINT WARNING * * *
You feel sick.
* * * LOW HITPOINT WARNING * * *
You feel sick.
* * * LOW HITPOINT WARNING * * *
You feel sick.
You die...

#..# #.... ### #..##
#...# #.. ##...##
#...# #...
##.....###...#### #...
#.......##......#
#...##.......##.......
#....#.......#........
#....##...............
#....@†......#........
#...#........#........
##...#..............).
#.....PP...PP.......)
#...≈≈≈...P.P........
#.P≈≈≈≈.......>...S..
#.≈≈≈≈≈≈..P..........
#..≈.≈≈.####.........
#.......# ###.......


There were no monsters in sight!

Vanquished Creatures
  An adder (D:2)
  A worm (D:2)
  3 dart slugs
  2 leopard geckos
  4 bats
  A bat zombie (D:2)
  A giant cockroach (D:2)
  3 goblins
  5 hobgoblins
  3 jackals (D:1)
  2 ball pythons
  2 frilled lizards
  5 kobolds (D:1)
  A leopard gecko skeleton (D:2)
  A rat (D:1)
35 creatures vanquished.

Notes
Turn   | Place    | Note
-------+----------+-------------------------------------------
     0 | D:1      | Faca the Centaur Hunter began the quest for the Orb.
     0 | D:1      | Reached XP level 1. HP: 17/17 MP: 1/1
   366 | D:1      | Reached XP level 2. HP: 24/24 MP: 2/2
   755 | D:1      | Reached XP level 3. HP: 30/30 MP: 3/3
   908 | D:2      | Reached skill level 1 in Armour
  1299 | D:2      | Gained mutation: You are covered in fur. (AC +1) [potion of mutation]
  1299 | D:2      | Gained mutation: You tend to lose your temper in combat. [potion of mutation]
  1299 | D:2      | Gained mutation: You are resistant to hostile enchantments. (MR+) [potion of mutation]
  1306 | D:2      | HP: 1/30 [poisoned by an adder]
  1309 | D:2      | Succumbed to an adder's poison

Skill      XL: |  1  2  3 |
---------------+----------+-----
Armour         | 1 |  1.1
Fighting       | |  2.8
Polearms       | |  0.7
Bows           | |  5.9
Dodging        | |  1.3
Stealth        | |  0.4

Action                   || total
-------------------------++-------
Melee: Short sword       ||    61
       Kick              ||    20
       Spear             ||    85
 Fire: Shortbow          ||     5
  Use: Scroll            ||     3
       Potion            ||     1
  Eat: Chunk             ||     1
Armor: Leather armour    ||    45
Dodge: Dodged            ||    68
Block: Other             ||     5
